TOP OF THE 1ST |
Houston BC batting - Pitching for Alloway Halberds : RHP Daniel Martínez
|
Pitching: RHP Daniel Martínez
|
|
Batting: RHB Ludovico Trezza
|
0-0: Swinging Strike 0-1: Foul Ball, location: 2F 0-2: Strikes out swinging passed ball, reaches first!
|
Batting: RHB Jesús Villalba
|
0-0: Ball 1-0: SINGLE (Groundball, 5L) (infield hit) Ludovico Trezza to second
|
Batting: RHB Habbo Allaart
|
0-0: Called Strike 0-1: Ball 1-1: Ball 2-1: Ground out 5-3 (Groundball, 56S) Ludovico Trezza to third Jesús Villalba to second
|
Batting: RHB Miguel Morán
|
0-0: Called Strike 0-1: Ball 1-1: Ball 2-1: Ball 3-1: Called Strike 3-2: Strikes out swinging
|
Batting: RHB Alfredo Mojica
|
0-0: Ball 1-0: Ball 2-0: Ground out 4-3 (Groundball, 4)
|
Top of the 1st over - 0 run(s), 1 hit(s), 0 error(s), 2 left on base; Houston 0 - Alloway 0 |
BOTTOM OF THE 1ST |
Alloway Halberds batting - Pitching for Houston BC : RHP Shawn Williams
|
Pitching: RHP Shawn Williams
|
|
Batting: RHB Juan Salinas
|
0-0: Called Strike 0-1: Called Strike 0-2: Ground out 5-3 (Groundball, 56)
|
Batting: RHB Sung-min Pae
|
0-0: Ball 1-0: SINGLE (Line Drive, 6D)
|
Batting: RHB Christovăo Galho
|
0-0: Ball 1-0: Ball 2-0: Ball 3-0: Called Strike 3-1: Foul Ball, location: 2F 3-2: DOUBLE (Line Drive, 78XD) Sung-min Pae to third
|
Batting: RHB Jarred Morgan
|
0-0: Foul Ball, location: 2F 0-1: Ball 1-1: Ball 2-1: Called Strike 2-2: Ball 3-2: Foul Ball, location: 2F 3-2: Base on Balls
|
Batting: RHB Alfredo Chávez
|
0-0: Ball 1-0: Fly out, F8 (Flyball, 8LD) Runner from 3rd tags up, SCORES, no throw
|
Batting: RHB Jonathan Cundall
|
0-0: Ball 1-0: Called Strike 1-1: Ball 2-1: Ball 3-1: Base on Balls Christovăo Galho to third Jarred Morgan to second
|
Batting: SHB Ron Peterson
|
0-0: Called Strike 0-1: Ball 1-1: Ball 2-1: Ball 3-1: Base on Balls Christovăo Galho scores Jarred Morgan to third Jonathan Cundall to second
|
Batting: LHB Esteban Casillas
|
0-0: Fly out, F7 (Flyball, 7LSF)
|
Bottom of the 1st over - 2 run(s), 2 hit(s), 0 error(s), 3 left on base; Houston 0 - Alloway 2 |
TOP OF THE 2ND |
Houston BC batting - Pitching for Alloway Halberds : RHP Daniel Martínez
|
Batting: RHB António Sánchez
|
0-0: Ball 1-0: Foul Ball, location: 2F 1-1: Swinging Strike 1-2: Foul Ball, location: 2F 1-2: Strikes out swinging
|
Batting: RHB Rodney Hanna
|
0-0: Ball 1-0: Foul Ball, location: 2F 1-1: Foul Ball, location: 2F 1-2: Ball 2-2: Ball 3-2: Base on Balls
|
Batting: RHB Marvin Hayes
|
0-0: Ball 1-0: Ball 2-0: Ball 3-0: Base on Balls Rodney Hanna to second
|
Batting: RHB Steffen Taylor
|
0-0: Foul Ball, location: 2F 0-1: Called Strike 0-2: Ball 1-2: Foul Ball, location: 2F 1-2: Foul Ball, location: 2F 1-2: Strikes out swinging
|
Batting: RHB Ludovico Trezza
|
0-0: Called Strike 0-1: Ball 1-1: Ball Passed Ball! Rodney Hanna to third Marvin Hayes to second 2-1: Ball 3-1: Swinging Strike 3-2: Fly out, F9 (Flyball, 9LM)
|
Top of the 2nd over - 0 run(s), 0 hit(s), 0 error(s), 2 left on base; Houston 0 - Alloway 2 |
BOTTOM OF THE 2ND |
Alloway Halberds batting - Pitching for Houston BC : RHP Shawn Williams
|
Batting: RHB Jorge López
|
0-0: Foul Ball, location: 2F 0-1: Fly out, F4 (Popup, 4)
|
Batting: RHB Juan Salinas
|
0-0: Foul Ball, location: 2F 0-1: Ground out 5-3 (Groundball, 5L)
|
Batting: RHB Sung-min Pae
|
0-0: Called Strike 0-1: Fly out, F7 (Flyball, 78M)
|
Bottom of the 2nd over - 0 run(s), 0 hit(s), 0 error(s), 0 left on base; Houston 0 - Alloway 2 |
TOP OF THE 3RD |
Houston BC batting - Pitching for Alloway Halberds : RHP Daniel Martínez
|
Batting: RHB Jesús Villalba
|
0-0: Called Strike 0-1: Ball 1-1: Ball 2-1: Called Strike 2-2: Ball 3-2: Base on Balls
|
Batting: RHB Habbo Allaart
|
0-0: Ball 1-0: Called Strike 1-1: Called Strike 1-2: SINGLE (Line Drive, 3) Jesús Villalba to second
|
Batting: RHB Miguel Morán
|
0-0: Ball 1-0: Ball 2-0: Fly out, F8 (Flyball, 8RD) Throwing error, E8 Jesús Villalba scores Habbo Allaart to second
|
Batting: RHB Alfredo Mojica
|
0-0: Ball Habbo Allaart is caught stealing 3rd base 1-0: Ball 2-0: Called Strike 2-1: Swinging Strike 2-2: Ground out 6-3 (Groundball, 6)
|
Top of the 3rd over - 1 run(s), 1 hit(s), 1 error(s), 0 left on base; Houston 1 - Alloway 2 |
BOTTOM OF THE 3RD |
Alloway Halberds batting - Pitching for Houston BC : RHP Shawn Williams
|
Batting: RHB Christovăo Galho
|
0-0: Ball 1-0: Called Strike 1-1: SINGLE (Groundball, 34D)
|
Batting: RHB Jarred Morgan
|
0-0: Foul Ball, location: 2F 0-1: Ball 1-1: Swinging Strike 1-2: Foul Ball, location: 2F 1-2: Strikes out swinging
|
Batting: RHB Alfredo Chávez
|
0-0: Ball Wild Pitch! Christovăo Galho to second 1-0: Called Strike 1-1: Called Strike 1-2: Ball 2-2: Foul Ball, location: 2F 2-2: Ball 3-2: Ground out 6-3 (Groundball, 6)
|
Batting: RHB Jonathan Cundall
|
0-0: Swinging Strike 0-1: Ball 1-1: Ball 2-1: Fly out, F7 (Flyball, 78D)
|
Bottom of the 3rd over - 0 run(s), 1 hit(s), 0 error(s), 1 left on base; Houston 1 - Alloway 2 |
TOP OF THE 4TH |
Houston BC batting - Pitching for Alloway Halberds : RHP Daniel Martínez
|
Batting: RHB António Sánchez
|
0-0: Foul Ball, location: 2F 0-1: Foul Ball, location: 2F 0-2: Ball 1-2: Foul Ball, location: 2F 1-2: Ball 2-2: Fly out, F9 (Flyball, 9D)
|
Batting: RHB Rodney Hanna
|
0-0: Fly out, F7 (Flyball, 7LMF)
|
Batting: RHB Marvin Hayes
|
0-0: Called Strike 0-1: Ball 1-1: Called Strike 1-2: Strikes out swinging
|
Top of the 4th over - 0 run(s), 0 hit(s), 0 error(s), 0 left on base; Houston 1 - Alloway 2 |
BOTTOM OF THE 4TH |
Alloway Halberds batting - Pitching for Houston BC : RHP Shawn Williams
|
Batting: SHB Ron Peterson
|
0-0: Ball 1-0: Swinging Strike 1-1: Foul Ball, location: 2F 1-2: Fly out, F8 (Flyball, 8LM)
|
Batting: LHB Esteban Casillas
|
0-0: Called Strike 0-1: SINGLE (Groundball, 3L) (infield hit)
|
Batting: RHB Jorge López
|
0-0: Foul Ball, location: 2F 0-1: Ball 1-1: Called Strike 1-2: Strikes out swinging
|
Batting: RHB Juan Salinas
|
0-0: Foul Ball, location: 2F 0-1: Ball 1-1: Fly out, F7 (Line Drive, 78M)
|
Bottom of the 4th over - 0 run(s), 1 hit(s), 0 error(s), 1 left on base; Houston 1 - Alloway 2 |
TOP OF THE 5TH |
Houston BC batting - Pitching for Alloway Halberds : RHP Daniel Martínez
|
Batting: RHB Steffen Taylor
|
0-0: Foul Ball, location: 2F 0-1: Ball 1-1: Ball 2-1: SINGLE (Groundball, 6MD)
|
Batting: RHB Ludovico Trezza
|
0-0: Called Strike 0-1: Fielders Choice at 2nd, 6-4 (Groundball, 6)
|
Batting: RHB Jesús Villalba
|
0-0: Ball Ludovico Trezza is caught stealing 2nd base 1-0: Ball 2-0: Called Strike 2-1: Swinging Strike 2-2: Ball 3-2: DOUBLE (Flyball, 9LM)
|
Batting: RHB Habbo Allaart
|
0-0: Ground out 6-3 (Groundball, 6)
|
Top of the 5th over - 0 run(s), 2 hit(s), 0 error(s), 1 left on base; Houston 1 - Alloway 2 |
BOTTOM OF THE 5TH |
Alloway Halberds batting - Pitching for Houston BC : RHP Shawn Williams
|
Batting: RHB Sung-min Pae
|
0-0: Ball 1-0: SINGLE (Flyball, 8LS)
|
Batting: RHB Christovăo Galho
|
0-0: Ball 1-0: Ball 2-0: Foul Ball, location: 2F 2-1: Foul Ball, location: 2F 2-2: Foul Ball, location: 2F 2-2: Fly out, F9 (Line Drive, 9S)
|
Batting: RHB Jarred Morgan
|
0-0: Swinging Strike 0-1: Ball 1-1: Foul Ball, location: 2F 1-2: Strikes out looking
|
Batting: RHB Alfredo Chávez
|
0-0: Foul Ball, location: 2F 0-1: Ball 1-1: Ball 2-1: Foul Ball, location: 2F 2-2: Foul Ball, location: 2F 2-2: Foul Ball, location: 2F 2-2: Foul Ball, location: 2F 2-2: Foul Ball, location: 2F 2-2: Strikes out looking
|
Bottom of the 5th over - 0 run(s), 1 hit(s), 0 error(s), 1 left on base; Houston 1 - Alloway 2 |
TOP OF THE 6TH |
Houston BC batting - Pitching for Alloway Halberds : RHP Daniel Martínez
|
Batting: RHB Miguel Morán
|
0-0: Ball 1-0: Called Strike 1-1: Called Strike 1-2: Foul Ball, location: 2F 1-2: Ball 2-2: SINGLE (Flyball, 7S)
|
Batting: RHB Alfredo Mojica
|
0-0: Ball 1-0: Called Strike 1-1: Ball 2-1: Ball 3-1: Called Strike 3-2: SINGLE (Groundball, 5D) Miguel Morán to second
|
Batting: RHB António Sánchez
|
0-0: Ball 1-0: Ball 2-0: Called Strike 2-1: Bunt - Flyout! F2
|
Batting: RHB Rodney Hanna
|
0-0: Called Strike 0-1: Ball 1-1: Ball 2-1: Ball 3-1: Fielders Choice at 2nd, 4-6 (Groundball, 4) Miguel Morán to third
|
Batting: RHB Marvin Hayes
|
0-0: Fielders Choice at 2nd, 5-4 (Groundball, 56)
|
Top of the 6th over - 0 run(s), 2 hit(s), 0 error(s), 1 left on base; Houston 1 - Alloway 2 |
BOTTOM OF THE 6TH |
Alloway Halberds batting - Pitching for Houston BC : RHP Shawn Williams
|
Batting: RHB Jonathan Cundall
|
0-0: Ball 1-0: Ball 2-0: Fly out, F9 (Flyball, 9LSF)
|
Batting: SHB Ron Peterson
|
0-0: Called Strike 0-1: Ball 1-1: SINGLE (Groundball, 34D) (infield hit)
|
Batting: LHB Esteban Casillas
|
0-0: Ball 1-0: Swinging Strike 1-1: Fielders Choice at 2nd, 4-6 (Groundball, 4)
|
Batting: RHB Jorge López
|
0-0: Called Strike Balk! Esteban Casillas to second 0-1: Swinging Strike 0-2: Ball 1-2: Ball 2-2: Strikes out swinging
|
Bottom of the 6th over - 0 run(s), 1 hit(s), 0 error(s), 1 left on base; Houston 1 - Alloway 2 |
TOP OF THE 7TH |
Houston BC batting - Pitching for Alloway Halberds : RHP Daniel Martínez
|
Batting: RHB Steffen Taylor
|
0-0: Called Strike 0-1: Ground out 5-3 (Groundball, 56S)
|
Batting: RHB Ludovico Trezza
|
0-0: Foul Ball, location: 2F 0-1: Swinging Strike 0-2: Foul Ball, location: 2F 0-2: Strikes out swinging
|
Batting: RHB Jesús Villalba
|
0-0: Swinging Strike 0-1: Ball 1-1: Ball 2-1: Foul Ball, location: 2F 2-2: Strikes out swinging
|
Top of the 7th over - 0 run(s), 0 hit(s), 0 error(s), 0 left on base; Houston 1 - Alloway 2 |
BOTTOM OF THE 7TH |
Alloway Halberds batting - Pitching for Houston BC : RHP Shawn Williams
|
Batting: RHB Juan Salinas
|
0-0: Fly out, F9 (Flyball, 9)
|
Batting: RHB Sung-min Pae
|
0-0: Ball 1-0: Swinging Strike 1-1: Ball 2-1: Foul Ball, location: 2F 2-2: Foul Ball, location: 2F 2-2: Foul Ball, location: 2F 2-2: Ball 3-2: TRIPLE (Flyball, 8LD)
|
Pitching: RHP Colm Soto
|
|
Batting: RHB Christovăo Galho
|
0-0: Called Strike 0-1: Foul Ball, location: 2F 0-2: Strikes out swinging
|
Batting: RHB Jarred Morgan
|
0-0: Ball 1-0: Ball 2-0: Ball 3-0: Base on Balls
|
Pinch Hitting: RHB Stewart Ralston
|
0-0: Foul Ball, location: 2F 0-1: Swinging Strike 0-2: SINGLE (Groundball, 6MD) Sung-min Pae scores Jarred Morgan to second
|
Batting: RHB Jonathan Cundall
|
0-0: Fielders Choice at 2nd, 4-6 (Groundball, 4)
|
Bottom of the 7th over - 1 run(s), 2 hit(s), 0 error(s), 1 left on base; Houston 1 - Alloway 3 |
TOP OF THE 8TH |
Houston BC batting - Pitching for Alloway Halberds : RHP Daniel Martínez
|
Pitching: LHP Jim Unknown
|
|
Now in LF: Stewart Ralston
|
|
Batting: RHB Habbo Allaart
|
0-0: Fly out, F8 (Line Drive, 78M)
|
Batting: RHB Miguel Morán
|
0-0: Called Strike 0-1: Foul Ball, location: 2F 0-2: Ball 1-2: Ball 2-2: Foul Ball, location: 2F 2-2: Strikes out swinging
|
Batting: RHB Alfredo Mojica
|
0-0: Called Strike 0-1: Ball 1-1: Foul Ball, location: 2F 1-2: Strikes out swinging
|
Top of the 8th over - 0 run(s), 0 hit(s), 0 error(s), 0 left on base; Houston 1 - Alloway 3 |
BOTTOM OF THE 8TH |
Alloway Halberds batting - Pitching for Houston BC : RHP Colm Soto
|
Batting: SHB Ron Peterson
|
0-0: Ball 1-0: Ball 2-0: Ball 3-0: Base on Balls
|
Batting: LHB Esteban Casillas
|
0-0: Called Strike 0-1: Fly out, F8 (Flyball, 8RM)
|
Batting: RHB Jorge López
|
0-0: Ball 1-0: Fly out, F7 (Flyball, 78M)
|
Batting: RHB Juan Salinas
|
0-0: Swinging Strike 0-1: Foul Ball, location: 2F 0-2: Ground out 6-3 (Groundball, 6)
|
Bottom of the 8th over - 0 run(s), 0 hit(s), 0 error(s), 1 left on base; Houston 1 - Alloway 3 |
TOP OF THE 9TH |
Houston BC batting - Pitching for Alloway Halberds : LHP Jim Unknown
|
Batting: RHB António Sánchez
|
0-0: Ball 1-0: Foul Ball, location: 2F 1-1: SINGLE (Line Drive, 8LS)
|
Batting: RHB Rodney Hanna
|
0-0: Ball 1-0: Foul Ball, location: 2F 1-1: Called Strike 1-2: Foul Ball, location: 2F 1-2: Foul Ball, location: 2F 1-2: Ball 2-2: Foul Ball, location: 2F 2-2: Ball 3-2: Foul Ball, location: 2F 3-2: Fly out, F4 (Line Drive, 4)
|
Pinch Hitting: RHB Alfredo Rivera
|
0-0: Fly out, F8 (Flyball, 8RD)
|
Pinch Hitting: RHB Joseph Gray
|
0-0: Foul Ball, location: 2F 0-1: Foul Ball, location: 2F 0-2: Ball 1-2: Foul Ball, location: 2F 1-2: Ball 2-2: Ball 3-2: Ground out 5-3 (Groundball, 56)
|
Top of the 9th over - 0 run(s), 1 hit(s), 0 error(s), 1 left on base; Houston 1 - Alloway 3 |
|